 Dungeon Crawl Stone Soup version 0.31.0-11-ge490571c62 (webtiles) character file.

Game seed: 15644631747806436489

210 retardedninja the Firebug (level 5, -3/31 HPs)
             Began as a Gargoyle Fire Elementalist on Feb 5, 2024.
             Killed by divine providence
             ... invoked by an orc priest
              (13 damage)
             ... on level 4 of the Dungeon.
             The game lasted 00:05:38 (4729 turns).

retardedninja the Firebug (GrFE)                    Turns: 4729, Time: 00:05:39

Health: -3/31      AC:  7    Str: 11    XL:     5   Next: 88%
Magic:  7/9        EV: 12    Int: 18    God:
Gold:   202        SH:  0    Dex: 10    Spells: 7/10 levels left

rFire   . . .        f - +0 trident
rCold   . . .        (no shield)
rNeg    + + .        a - +0 robe
rPois   ∞            (no helmet)
rElec   +            l - +0 cloak
rCorr   .            (no gloves)
SInv    .            (no boots)
Will    .....        (no amulet)
Stlth   ++           e - ring of positive energy
HPRegen 0.25/turn    (no ring)
MPRegen 0.11/turn

%: no passive effects
@: very slightly contaminated
A: sickness immunity, AC +4, negative energy resistance 1, electricity
resistance, torment resistance 1, petrification resistance
a: no special abilities


You were on level 4 of the Dungeon.
You visited 1 branch of the dungeon, and saw 4 of its levels.

You collected 202 gold pieces.

Inventory:

Hand Weapons
 f - a +0 trident (weapon)
Armour
 a - a +0 robe (worn)
 l - a +0 cloak (worn)
 o - a +0 tower shield
Jewellery
 e - a ring of positive energy (left hand)
Talismans
 d - a blade talisman
Scrolls
 c - a scroll of blinking {unknown}
 j - 2 scrolls of vulnerability {unknown}
 k - 2 scrolls of teleportation {unknown}
 m - 2 scrolls of identify {unknown}
Potions
 g - a potion of brilliance {unknown}
 h - a potion of attraction {unknown}
 i - a potion of ambrosia {unknown}
 n - a potion of mutation {unknown}


   Skills:
 + Level 2.7 Fighting
 - Level 1.6 Dodging
 - Level 2.2 Stealth
 + Level 3.1 Spellcasting
 + Level 3.1 Conjurations
 + Level 4.0 Fire Magic


You had 7 spell levels left.
You knew the following spells:

 Your Spells              Type           Power      Damage    Failure   Level
a - Foxfire               Conj/Fire      60%        2x1d7     3%          1
b - Scorch                Fire           34%        2d6       4%          2

Your spell library contained the following spells:

 Spells                   Type           Power      Damage    Failure   Level
 Inner Flame              Hex/Fire       10%        N/A       22%         3
 Volatile Blastmotes      Fire/Tloc      20%        2d11      22%         3
 Flame Wave               Conj/Fire      15%        2d7       36%         4
 Sticky Flame             Fire/Alch      10%        2d5       56%         4


Dungeon Overview and Level Annotations

Branches:
Dungeon (4/15)
 Temple: D:4-7

Altars:

Annotations:
D:3 1 runed translucent door, howech's ghost, amateur OpSh


Innate Abilities, Weirdness & Mutations

You are immune to sickness and miasma.
Your stone body is resilient. (AC +4)
You are immune to poison.
You resist negative energy. (rN+)
You are resistant to electric shocks. (rElec)
You are resistant to unholy torment.
You are immune to petrification.


Message History

The orc priest hits you but does no damage.
The orc priest invokes the aid of Beogh against you.
Pain shoots through your body!
You hit the orc priest but do no damage.
The orc priest is lightly wounded.
The orc priest calls down the wrath of Beogh upon you.
Pain shoots through your body!
You hit the orc priest but do no damage.
The orc priest is lightly wounded.
The orc priest barely misses you.
You hit the orc priest but do no damage.
The orc priest is lightly wounded.
The orc priest completely misses you.
You hit the orc priest but do no damage.
The orc priest is lightly wounded.
The orc priest hits you but does no damage. x2
Unknown command.
The orc priest hits you with a +0 whip.
* * * LOW HITPOINT WARNING * * *
The orc priest miscasts a cantrip.
Casting: Foxfire (safe; 3% risk of failure)
Confirm with . or Enter, or press ? or * to list all spells.
Flames lash the orc priest.
The orc priest is heavily wounded.
The orc priest's fire resistance burns away.
The orc priest attacks as it pursues you!
The orc priest hits you with a +0 whip.
* * * LOW HITPOINT WARNING * * *
Unknown command.
Okay, then.
Magic courses through your body.
The orc priest looks braver for a moment.
Casting: Scorch (safe; 4% risk of failure)
Confirm with . or Enter, or press ? or * to list all spells.
You miscast Scorch.
You are very lightly contaminated with residual magic.
Nothing appears to happen.
The orc priest mumbles some strange prayers to Beogh against you.
Beogh smites you!
You die...

#.###.###
#.#.<...#
#.#...#.#
#.....#.# ##
#######.# .
#......># ## #.
#.#######
....#.#####.###.#
.......@.......>#
###...#o###.#.#.#
.#######.#
#.#.#.#
......)).#
#.#.#.#
...#######
#.#...# #.###.#
#.....# #####.#
#.#


You could see an orc priest (combustible).

Vanquished Creatures
  4 orc priests
  3 adders (D:2)
  2 dart slugs (D:3)
  A ribbon worm (D:2)
  7 orcs
  4 bats (D:1)
  7 endoplasms
  2 giant cockroaches (D:3)
  2 goblins
  5 hobgoblins (D:2)
  3 kobolds
  3 quokkas
  7 ball pythons
  2 frilled lizards
  4 rats
56 creatures vanquished.

Vanquished Creatures (others)
  230 foxfires
230 creatures vanquished.

Grand Total: 286 creatures vanquished

Notes
Turn   | Place    | Note
-------+----------+-------------------------------------------
     0 | D:1      | retardedninja the Gargoyle Fire Elementalist began the
                  | quest for the Orb.
     0 | D:1      | Reached XP level 1. HP: 10/10 MP: 3/3
   287 | D:1      | Reached XP level 2. HP: 15/16 MP: 3/5
  1316 | D:2      | Reached skill level 1 in Fighting
  1330 | D:2      | Reached XP level 3. HP: 3/20 MP: 0/6
  1339 | D:1      | Learned a level 2 spell: Scorch
  1553 | D:2      | Reached XP level 4. HP: 20/25 MP: 0/7
  1626 | D:2      | Reached XP level 5. HP: 25/30 MP: 2/9
  2451 | D:2      | You fall into a shaft and drop 1 floor!
  3818 | D:3      | Found a runed translucent door.
  3819 | D:3      | Noticed howech's ghost (amateur OpSh)
  4702 | D:4      | Reached skill level 4 in Fire Magic
  4729 | D:4      | Killed from afar by an orc priest

Illustrated notes

Levels and vault maps discovered:
D:1:      minmay_arrival_floating_metal, layout_loops_cross
D:2:      layout_basic
D:3:      layout_basic, portal_sewer_entry_e, ebering_ghost_inner_flame
D:4:      layout_basic, uniq_duvessa, uniq_blork_the_orc, uniq_ijyb

Skill      XL: |  1  2  3  4  5 |
---------------+----------------+-----
Fighting       | 1 2 |  2.7
Conjurations   | 2 3 |  3.1
Spellcasting   | 3 |  3.1
Fire Magic     | 4 |  4.0
Dodging        | |  1.6
Stealth        | |  2.2

Action                     |  1- 3 |  4- 6 || total
---------------------------+-------+-------++-------
  Melee: Unarmed           |    15 |       ||    15
         Trident           |       |    24 ||    24
   Cast: Foxfire           |    47 |   106 ||   153
         Scorch            |       |    11 ||    11
    Use: Potion            |       |     1 ||     1
 Armour: Robe              |    30 |    32 ||    62
  Dodge: Dodged            |    30 |    18 ||    48
         Form:             |     1 |       ||     1
         Blade             |     1 |       ||     1
